Semilg, chaotic male elven Ranger -------- ------ |......| ------------- ------- |....| |......| |.......(...| ......-- |.*..| |......| |..........<.# |......| |....| |.......# |.........*.|# |......| ##-....| --------# |...........|# |.......###### # |....| # --.--------.-# |......| ### ------ # ## ## [ --.....| dd@ # # # # ------- ### # # # ###### # # ### # -----.- ------############## ### # # |%.....####.....| ### #-----############################# ##-.....| |....-########|...|#### ### # ---.---- |.>....####|.(..| ### |...| # ##-......| ------- #.....-##### # |...| ### |......| ------ ##....| # ########%#-......| |...-####### ## |......| ----- -------- Semilg the Trailblazer Experience level: 6 Strength: 18 Dexterity: 10 Constitution: 15 Intelligence: 14 Wisdom: 13 Charisma: 9 Health: 0(42) Energy: 33(33) Def: 12 Gold: 1865 Moves: 3354 Dungeon seed: HJzPIzZxj0J7AmVy Game ID: Semilg_1551271482 Your Inventory: Coins $ - 1865 gold pieces Weapons b - a blessed +2 elven bow (alternate weapon; not wielded) c - 53 uncursed +2 elven arrows (in quiver) d - 39 uncursed +0 elven arrows Armor e - an uncursed +2 elven cloak (being worn) n - an uncursed +0 orcish helm (being worn) r - an uncursed thoroughly rusty +1 pair of kicking boots (being worn) y - a blessed +1 banded mail (being worn) Comestibles f - an uncursed lembas wafer Scrolls w - an uncursed scroll of destroy armor C - an uncursed scroll of identify D - an uncursed scroll of blank paper H - a blessed scroll of water Spellbooks i - a cursed spellbook of wizard lock J - an uncursed spellbook of detect monsters Potions k - a cursed potion of extra healing s - a blessed potion of object detection t - an uncursed potion of confusion A - an uncursed potion of object detection Wands g - an uncursed wand of slow monster (0:3) l - an uncursed wand of locking (0:8) m - an uncursed wand of enlightenment (0:11) v - an uncursed wand of enlightenment (0:14) E - an uncursed wand of magic missile (0:4) G - an uncursed wand of striking (0:5) Tools B - an uncursed mirror I - an uncursed sack Spells and supernatural/magical abilities: Name Level Category Fail Memory W - pray for help -- divine ? -- Your skills at the end: Miscellaneous Skills wands [Basic] Weapon Skills dagger [Basic] bow [Basic] Spellcasting Skills Final Attributes: You were piously aligned. You were sleep resistant. You had automatic searching. You had infravision. You were stealthy. You are dead. Vanquished creatures: a dust vortex a wood nymph a fog cloud a shrieker a gnome lord a gray ooze 2 puppies a dwarf 3 iguanas a rothe a jitterbug 2 giant bats 3 killer bees 2 gas spores 2 acid blobs a large kobold 4 geckos 2 hobgoblins 2 giant rats 2 brown molds a yellow mold a gnome 5 manes a gnome zombie 2 jackals 4 newts a goblin 4 grid bugs 3 lichens a kobold zombie 57 creatures vanquished. Voluntary challenges: You were vegetarian. You did not adorn yourself with jewelry or accessories. You did not cause conflict. You were not invisible. You did not have reflection. You were not displaced. You were an atheist. You used a wielded weapon 67 times, starting on turn 6. You did not use tools. You did not use plumbed fixtures. You did not drink any magical draughts. You read items or engraved 4 times, starting on turn 600. You never genocided any monsters. You never polymorphed an object. You never changed form. You used no wishes. You never split a pudding. You never wrote Elbereth's name. You never violated your personal moral code. Dungeon overview: The Dungeons of Doom: levels 1 to 9 Level 1 a fountain a long staircase Level 2 a fountain stairs to The Gnomish Mines Level 3 Level 4 Level 5 Level 6 Level 7 Level 8 <- You were here Level 9 The Gnomish Mines: Level 3 stairs to The Dungeons of Doom History has recorded: On T:1 you entered the Dungeons of Doom to retrieve the Amulet of Yendor! On T:414 you reached level 2 of The Dungeons of Doom. On T:422 you reached level 3 of The Dungeons of Doom. On T:434 you reached level 4 of The Dungeons of Doom. On T:596 you advanced to experience level 2. On T:704 you advanced to experience level 3. On T:946 you reached level 1 of The Gnomish Mines. On T:1219 you reached level 5 of The Dungeons of Doom. On T:1256 you advanced to experience level 4. On T:1994 you reached level 6 of The Dungeons of Doom. On T:2045 you advanced to experience level 5. On T:2238 you reached level 7 of The Dungeons of Doom. On T:2547 you reached level 8 of The Dungeons of Doom. On T:2932 you advanced to experience level 6. On T:3060 you reached level 9 of The Dungeons of Doom. Score breakdown: Gold: 1865 ( 186 points) Experience: 6 levels ( 500 points) Exploration: 9 levels ( 240 points) Discoveries: 18 items ( 900 points) Variety of kills: 30 monsters ( 1500 points) Major goal: (nothing yet) ( 0 points) Survival: died (score multiplied by 3) Total score: 9978 Latest messages: This eucalyptus leaf is delicious! You don't feel so weak now. You finish eating the eucalyptus leaf. The jitterbug bites! (2x) You punch the jitterbug. The jitterbug displaces you! The jitterbug bites! The jitterbug misses. You punch the jitterbug. The jitterbug displaces you! The jitterbug bites! You see here a leather-bound spellbook. J - a leather-bound spellbook. You feel threatened. You can move again. The wolf bites! You miss the wolf. The wolf bites! You die... The sack is empty. The sack is empty. Final status: Goodbye Semilg the Ranger, killed by a wolf... You died in The Dungeons of Doom on dungeon level 8 with 9978 points, and 1865 pieces of gold, after 3354 moves. You were level 6 with a maximum of 42 hit points when you died.